 Dungeon Crawl Stone Soup version 0.19.5 (webtiles) character file.

2942 Azzok the Fighter (level 9, -9/92 HPs)
             Began as a Minotaur Fighter on July 17, 2017.
             Was a Believer of Okawaru.
             Killed from afar by an electric eel (12 damage)
             ... with a bolt of electricity
             ... on level 7 of the Dungeon.
             The game lasted 00:13:35 (7448 turns).

Azzok the Fighter (Minotaur Fighter)                Turns: 7448, Time: 00:13:36

Health: -9/92      AC: 13    Str: 20    XL:     9   Next: 51%
Magic:  8/10       EV:  9    Int:  5    God:    Okawaru [**....]
Gold:   176        SH: 11    Dex: 14    Spells: 0 memorised, 8 levels left

rFire  + . .     SeeInvis .     l - +0 falchion (curse)
rCold  . . .     Gourm    .     r - +0 chain mail {rF+}
rNeg   . . .     Faith    .     c - +0 shield
rPois  .         Spirit   .     (helmet restricted)
rElec  .         Reflect  .     u - +0 cloak
rCorr  +         Harm     .     p - +0 pair of gloves
MR     .....                    (no boots)
Stlth  ..........               (no amulet)
                                (no ring)
                                g - ring of resist corrosion

@: heroism
A: retaliatory headbutt, horns 2
a: Heroism, Renounce Religion


You were on level 7 of the Dungeon.
You worshipped Okawaru.
Okawaru was pleased with you.
You were not hungry.

You visited 2 branches of the dungeon, and saw 8 of its levels.

You collected 384 gold pieces.
You spent 208 gold pieces at shops.

Inventory:

Hand Weapons
 a - a +1 long sword
 l - a cursed +0 falchion (weapon)
 o - a +0 shortbow
 H - a +2 whip of freezing
 I - a +2 scimitar
Missiles
 y - 109 arrows
Armour
 c - a +0 shield (worn)
 p - a +0 pair of gloves (worn)
 r - a +0 chain mail of fire resistance (worn)
 u - a +0 cloak (worn)
Jewellery
 g - a ring of resist corrosion (left hand)
Wands
 x - a wand of digging (13/24)
Scrolls
 h - a scroll of magic mapping
 i - 4 scrolls of enchant weapon
 j - 3 scrolls of teleportation
 k - a scroll of enchant armour
 m - a scroll of blinking
 n - a scroll of immolation
 v - a scroll of fog
 D - a scroll of fear
 J - a scroll of summoning {unknown}
 K - a scroll of amnesia {unknown}
Potions
 b - 3 potions of berserk rage
 d - 3 potions of might
 e - 2 potions of cancellation {unknown}
 q - a potion of agility {unknown}
 s - a potion of haste {unknown}
 t - 5 potions of flight {unknown}
 z - a potion of heal wounds {unknown}
 A - a potion of ambrosia {unknown}
 B - a potion of beneficial mutation {unknown}
 C - a potion of mutation {unknown}
 E - 3 potions of curing {unknown}
 G - a potion of cure mutation {unknown}
Books
 w - a book of Cantrips

   Spells                             Type                      Level
   a - Confusing Touch                Hexes                        1
   b - Animate Skeleton               Necromancy                   1
   c - Summon Small Mammal            Summoning                    1
   d - Apportation                    Translocation                1
Comestibles
 f - 6 bread rations {@e1}
 F - 4 chunks of flesh {@w0}


   Skills:
 * Level 12.6(17.6) Fighting
 - Level 2.4(7.4) Long Blades
 + Level 7.4(12.4) Bows
 - Level 3.6(8.6) Armour
 - Level 3.6(8.6) Shields
 + Level 3.9 Invocations


You had 8 spell levels left.
You didn't know any spells.

Dungeon Overview and Level Annotations

Branches:
Dungeon (7/15)             Temple (1/1) D:6

Altars:
Ashenzari
Cheibriados
Dithmenos
Elyvilon
Fedhas
Gozag
Hepliaklqana
Kikubaaqudgha
Makhleb
Nemelex Xobeh
Okawaru
Ru
Sif Muna
Trog
Xom
Yredelemnul
Zin
Jiyva

Shops:
D:5 :   D:6 ?


Innate Abilities, Weirdness & Mutations

You reflexively headbutt those who attack you in melee.
You have a pair of horns on your head.


Message History

* * * LOW HITPOINT WARNING * * *
The electric eel shoots out a bolt of lightning at you!
The bolt of electricity hits you!
* * * LOW HITPOINT WARNING * * *
You take 20 damage, and have 2/92 hp.
MASSIVE DAMAGE!!
A howler monkey comes into view.
The howler monkey howls!
The howler monkey hoots and howls with incredible vigour!
You hear a howl!
You closely miss the howler monkey.
The howler monkey hits you but does no damage.
A howler monkey comes into view.
You gain the combat prowess of a mighty hero.
The howler monkey howls!
The howler monkey hits you but does no damage.
You now have 8/10 mp.
The howler monkey hits you but does no damage.
The electric eel shoots out a bolt of lightning at you!
The bolt of electricity hits you!
You die...

···········▒≈≈≈≈≈≈≈a≈≈≈ ▒▒·▒▒P··
···········▒≈≈≈▒≈≈≈≈≈≈≈ ▒▒··▒·≈≈≈
···········▒≈;≈▒≈;≈≈≈≈≈▒▒·▒≈·≈≈≈≈
···········▒≈≈≈▒▒≈≈≈≈≈▒▒≈≈≈≈≈≈·≈≈
······▒····▒▒≈≈▒ ▒▒≈≈▒▒≈≈·▒≈≈≈▒≈≈
·········▒·▒▒;▒▒ ▒≈▒▒≈·▒▒▒·▒▒▒·
·········▒·▒▒▒·▒▒▒▒▒▒▒····▒···▒··
·······)·▒·▒ ▒▒·h··▒▒▒···········
·········▒·▒ ▒·@··h·'···········
·········▒·▒ ▒····'·▒···········
·▒·······▒·▒ ▒▒····▒▒▒···········
·▒·······▒·▒▒▒·▒▒▒▒▒▒▒≈···▒···▒··
······[··▒·▒▒≈▒▒ ▒▒≈▒≈≈≈▒▒▒·▒▒▒·
·······▒▒▒·▒▒≈≈▒▒▒▒≈≈▒▒·≈≈▒≈≈≈▒≈≈
····_······▒≈≈≈▒≈≈▒≈≈≈▒▒·≈≈≈≈≈·≈≈
···········▒·≈≈▒≈≈▒≈≈≈≈▒·P≈≈≈≈≈≈≈
···········▒··≈▒≈≈▒≈≈≈≈▒▒··≈≈≈≈P·


You could see 2 howler monkeys and an electric eel.

Vanquished Creatures
  Pikel (D:7)
  A hippogriff (D:7)
  A hungry ghost (D:7)
  Duvessa (D:4)
  2 ice beasts (D:5)
  A black bear (D:7)
  A sky beast (D:4)
  An ogre (D:3)
  A centaur (D:5)
  2 big kobolds (D:7)
  A bullfrog (D:6)
  Dowan (D:4)
  A scorpion (D:7)
  3 wights (D:7)
  4 electric eels (D:7)
  A centaur skeleton (D:7)
  2 crimson imps
  5 hounds
  A jelly (D:6)
  An orc priest (D:6)
  2 bullfrog skeletons
  3 orc wizards (D:5)
  5 iguanas
  7 worker ants
  Robin (D:4)
  8 adders
  2 shadow imps
  3 oozes
  An adder zombie (D:5)
  2 adder skeletons
  4 worms
  3 dart slugs
  2 leopard geckos
  9 orcs
  10 bats
  2 giant cockroaches (D:6)
  13 goblins
  11 hobgoblins
  19 jackals
  9 kobolds
  7 quokkas
  3 ball pythons (D:6)
  A ball python skeleton (D:4)
  6 frilled lizards
  A jackal skeleton (D:5)
  8 rats
174 creatures vanquished.

Vanquished Creatures (others)
  4 slaves (D:7)
  A wight (D:7)
  An iguana (D:7)
  An adder (D:7)
  A plant (D:7)
8 creatures vanquished.

Grand Total: 182 creatures vanquished

Notes
Turn   | Place    | Note
-------+----------+-------------------------------------------
     0 | D:1      | Azzok the Minotaur Fighter began the quest for the Orb.
     0 | D:1      | Reached XP level 1. HP: 19/19 MP: 0/0
   563 | D:1      | Reached skill level 4 in Fighting
   620 | D:1      | Reached XP level 2. HP: 27/28 MP: 1/1
   962 | D:2      | Reached skill level 5 in Fighting
  1054 | D:2      | Found an opulent altar of Gozag.
  1115 | D:2      | Reached XP level 3. HP: 24/36 MP: 2/2
  1635 | D:2      | Reached skill level 1 in Bows
  1675 | D:2      | Reached XP level 4. HP: 42/42 MP: 3/3
  1689 | D:2      | Found a shadowy altar of Dithmenos.
  1836 | D:2      | Found a faded altar of an unknown god.
  1836 | D:2      | Found a faded altar of an unknown god.
  1845 | D:2      | Found a faded altar of an unknown god.
  1847 | D:2      | Found a snail-covered altar of Cheibriados.
  1848 | D:2      | Found a faded altar of an unknown god.
  2071 | D:3      | Reached skill level 6 in Fighting
  2525 | D:4      | Noticed Robin
  2532 | D:4      | Noticed an ogre
  2546 | D:4      | Reached XP level 5. HP: 47/51 MP: 4/4
  2557 | D:3      | Killed an ogre
  2557 | D:3      | Reached skill level 7 in Fighting
  2762 | D:4      | Killed Robin
  2807 | D:4      | Reached XP level 6. HP: 50/60 MP: 5/5
  2935 | D:4      | Found a hazy altar of Hepliaklqana.
  3077 | D:4      | Noticed Dowan
  3078 | D:4      | Noticed Duvessa
  3086 | D:4      | Killed Duvessa
  3099 | D:4      | Killed Dowan
  3099 | D:4      | Reached skill level 8 in Fighting
  3464 | D:4      | Noticed a sky beast
  3484 | D:4      | Killed a sky beast
  3484 | D:4      | Reached XP level 7. HP: 24/69 MP: 6/6
  4008 | D:4      | Found a burning altar of Makhleb.
  4034 | D:4      | Reached skill level 9 in Fighting
  4391 | D:5      | Entered Level 5 of the Dungeon
  4489 | D:5      | Found a shimmering altar of Xom.
  4619 | D:5      | Reached skill level 5 in Bows
  4882 | D:5      | Found a sparkling altar of Nemelex Xobeh.
  4957 | D:5      | Reached skill level 10 in Fighting
  4957 | D:5      | Reached XP level 8. HP: 55/79 MP: 7/7
  5162 | D:5      | Found Huotiuph's Book Shop.
  5351 | D:6      | Found a staircase to the Ecumenical Temple.
  5359 | Temple   | Entered the Ecumenical Temple
  5468 | Temple   | Became a worshipper of Warmaster Okawaru
  5511 | D:6      | Found a shattered altar of Ashenzari.
  5665 | D:6      | Found Noamasm's Magic Scroll Boutique.
  5671 | D:6      | Bought a scroll of enchant weapon for 82 gold pieces
  5671 | D:6      | Bought a scroll of enchant weapon for 82 gold pieces
  5671 | D:6      | Bought a scroll of identify for 22 gold pieces
  5671 | D:6      | Bought a scroll of fog for 22 gold pieces
  5711 | D:6      | Reached skill level 1 in Invocations
  5737 | D:6      | Found a blossoming altar of Fedhas.
  5774 | D:6      | Reached skill level 11 in Fighting
  6052 | D:7      | Noticed Pikel
  6058 | D:7      | Noticed a hippogriff
  6091 | D:7      | Killed Pikel
  6091 | D:7      | Reached * piety under Okawaru
  6091 | D:7      | Reached XP level 9. HP: 79/90 MP: 7/9
  6124 | D:7      | Reached skill level 12 in Fighting
  6291 | D:7      | Found a shimmering altar of Xom.
  6482 | D:7      | Reached ** piety under Okawaru
  7442 | D:7      | HP: 1/92 [electric eel/bolt of electricity (9)]
  7448 | D:7      | Killed from afar by an electric eel

Skill      XL: |  1  2  3  4  5  6  7  8  9 |
---------------+----------------------------+-----
Fighting       | 4 5 6 7 8 10 11 12 | 12.6
Bows           | 1 2 4 5 6 7 |  7.4
Invocations    | 2 3 |  3.9
Long Blades    | |  2.4
Armour         | |  3.6
Shields        | |  3.6

Action                   |  1- 3 |  4- 6 |  7- 9 || total
-------------------------+-------+-------+-------++-------
Melee: Long sword        |    93 |   163 |   166 ||   422
       Headbutt          |    15 |    36 |    94 ||   145
       Falchion          |       |       |   229 ||   229
Invok: Heroism           |       |       |     1 ||     1
  Use: Scroll            |       |       |    14 ||    14
  Eat: Chunk             |     3 |     6 |    16 ||    25
Armor: Chain mail        |    78 |    99 |   230 ||   407
Dodge: Dodged            |    26 |    45 |    82 ||   153
Block: Shield            |    57 |    85 |   211 ||   353
       Rpst.: Long sword |    12 |    11 |     4 ||    27
       Falchion          |       |       |    13 ||    13
